 Dungeon Crawl Stone Soup version 0.31-a0-1620-gcbf77bbcfc (webtiles) character file.

Game seed: 4497887201875365665

4 dialectric the Trooper (level 1, -1/18 HPs)
             Began as a Demonspawn Fighter on Jan 11, 2024.
             Slain by a jackal (2 damage)
             ... on level 1 of the Dungeon.
             The game lasted 00:00:11 (37 turns).

dialectric the Trooper (Demonspawn Fighter)           Turns: 37, Time: 00:00:11

Health: -1/18      AC:  6    Str: 16    XL:     1   Next: 50%
Magic:  1/1        EV:  8    Int:  8    God:
Gold:   0          SH:  4    Dex: 12    Spells: 0/0 levels left

rFire   . . .        a - +0 flail
rCold   . . .        c - +0 buckler
rNeg    . . .        b - +0 scale mail
rPois   .            (no helmet)
rElec   .            (no cloak)
rCorr   .            (no gloves)
SInv    .            (no boots)
Will    .....        (no amulet) Stlth
                     (no ring)
HPRegen 0.23/turn    (no ring)
MPRegen 0.07/turn

%: no passive effects
@: no status effects
A: no striking features
a: no special abilities


You were on level 1 of the Dungeon.
You visited 1 branch of the dungeon, and saw 1 of its levels.

Inventory:

Hand Weapons
 a - a +0 flail (weapon)
Missiles
 e - 4 curare-tipped darts (quivered)
Armour
 b - a +0 scale mail (worn)
 c - a +0 buckler (worn)
Potions
 d - a potion of might


   Skills:
 + Level 3.0 Fighting
 + Level 1.8 Maces & Flails
 + Level 2.7 Armour
 + Level 2.7 Shields


You couldn't memorise any spells.
You didn't know any spells.
Your spell library was empty.

Dungeon Overview and Level Annotations

Branches:
Dungeon (1/15)

Altars:


Message History

The kobold completely misses you.
The jackal bites the plant.
The plant begins to die.
You block the jackal's attack.
The kobold hits the plant with a +0 short sword.
The plant begins to die.
The jackal closely misses you. The kobold barely misses you.
The jackal bites the plant.
The plant begins to die.
You thump the jackal!
You kill the jackal!
The kobold hits the plant with a +0 short sword.
The kobold hits you but does no damage. The jackal bites you.
* * * LOW HITPOINT WARNING * * *
The kobold hits the plant with a +0 short sword.
You miss the jackal.
A nearby plant withers and dies.
The jackal bites you but does no damage.
The kobold barely misses you. The jackal barely misses you.
You block the kobold's attack.
You hit the jackal but do no damage.
A nearby plant withers and dies. x2
The jackal closely misses you. The kobold barely misses you.
The kobold hits you with a +0 club.
* * * LOW HITPOINT WARNING * * *
The jackal bites you but does no damage.
Unknown command.
Unknown command.
You barely miss the jackal.
A nearby plant withers and dies.
You block the kobold's attack. The jackal bites you.
* * * LOW HITPOINT WARNING * * *
The kobold hits you but does no damage. x2
Unknown command.
You hit the jackal.
The jackal is heavily wounded.
The jackal barely misses you. The kobold hits you with a +0 club.
* * * LOW HITPOINT WARNING * * *
The jackal bites you but does no damage.
The kobold closely misses you. The kobold completely misses you.
Unknown command.
Unknown command.
You barely miss the jackal.
The jackal is heavily wounded.
The jackal bites you.
You die... ... ...# #!.## ##...## ...$.####### ##########.#......#..
PPPPPP.PKPPPPPPP.....
PPPPP.h@K...PPPP.....

PPP..P.P....PPPP..#..
PP..PP....P..PPP.....
P..PP.PPP....PPP..#..
P....PP.P...P.PP.....
P...PP.P.PP...PP.#..#
P...P.PPP.P.P.PP.# .
....PP.P.PP.P.PP....#
P.PP.PP.PP.PP....#


You could see a jackal and 2 kobolds.

Vanquished Creatures
  2 jackals (D:1)
  A quokka (D:1)
3 creatures vanquished.

Notes
Turn   | Place    | Note
-------+----------+-------------------------------------------
     0 | D:1      | dialectric the Demonspawn Fighter began the quest for the
                  | Orb.
     0 | D:1      | Reached XP level 1. HP: 18/18 MP: 1/1
    37 | D:1      | Slain by a jackal

Illustrated notes

Levels and vault maps discovered:
D:1:      roderic_crop_circles_arrival_small, layout_rooms,
          shapermc_ecumenical_altar_totnotflames

Action                     || total
---------------------------++-------
  Melee: Flail             ||    21
 Armour: Scale mail        ||    27
  Dodge: Dodged            ||    15
  Block: Buckler           ||     8

Table legend: (Time is in decaauts)
 A = Elapsed time spent in this place.
 B = Non-inter-level travel time spent in this place.
 C = Inter-level travel time spent in this place.
 D = Time resting spent in this place.
 E = Time spent auto-exploring this place.
 F = Levels seen in this place.
 G = Mean time per level.
                   A        B        C        D        E       F      G
               +--------+--------+--------+--------+--------+-----+--------+
         Total |     44 |     44 |      0 |      0 |      7 |   1 |   44.0 |
       Dungeon |     44 |     44 |      0 |      0 |      7 |   1 |   44.0 |
               +--------+--------+--------+--------+--------+-----+--------+

Top non-repeatable levels by time:
     D:1: 44 daAuts
